Map: Realities Simulation LE

Players

Throwfordays - Winner!

  • Race: Protoss Protoss
  • Spawn Location: 3:00

Cthulhu - Winner!

  • Race: Terran Terran
  • Spawn Location: 6:00

Faust - Winner!

  • Race: Zerg Zerg
  • League: Diamond
  • Spawn Location: 5:00

ksj

  • Race: Terran Terran
  • League: Master
  • Spawn Location: 12:00

MagicPants

  • Race: Terran Terran
  • Spawn Location: 9:00

MagicalJorts

  • Race: Zerg Zerg
  • League: Master
  • Spawn Location: 11:00

VOD

Have the link to the VOD?

Description

Time

  • Played on: March 22, 2021, 11:43 p.m.
  • Length: 11:56
Show
View Real Time Build Order
Export as new Build Order

Throwfordays Protoss - Winner!

Build Orders:  

Get SALT Encoding   

  12  0:00  Probe  
  13  0:12  Probe  
  14  0:19  Pylon  
  14  0:25  Probe  
  15  0:37  Probe  
  15  0:39  Assimilator  
  16  0:49  Gateway, Probe  
  17  1:02  Probe (Chrono Boost)  
  18  1:11  Forge  
  18  1:14  Probe (Chrono Boost)  
  19  1:18  Probe (Chrono Boost)  
  20  1:27  Assimilator  
  20  1:28  Probe  
  21  1:46  Nexus  
  21  1:55  Probe  
  21  2:01  Pylon  
  22  2:07  Probe  
  23  2:15  Cybernetics Core  
  23  2:19  Probe  
  24  2:27  Photon Cannon  
  24  2:32  Photon Cannon  
  24  2:42  Photon Cannon  
  24  2:50  Adept (Chrono Boost)  
  24  2:52  Warp Gate (Chrono Boost)  
  26  3:00  Probe (Chrono Boost)  
  28  3:05  Pylon  
  28  3:08  Probe (Chrono Boost)  
  29  3:12  Probe (Chrono Boost)  
  29  3:15  Adept  
  32  3:21  Probe (Chrono Boost)  
  32  3:28  Photon Cannon  
  32  3:33  Photon Cannon  
  32  3:41  Photon Cannon  
  32  3:52  Photon Cannon  
  32  3:53  Probe  
  33  3:56  Probe  
  34  4:05  Probe  
  34  4:08  Probe  
  36  4:17  Probe  
  36  4:18  Shield Battery  
  36  4:21  Shield Battery  
  37  4:25  Pylon  
  37  4:27  Pylon  
  37  4:29  Probe  
  38  4:38  Pylon  
  38  4:39  Stalker  
  40  4:47  Stargate  
  40  4:50  Probe  
  41  4:54  Assimilator  
  41  4:58  Assimilator  
  41  5:02  Probe  
  42  5:14  Probe  
  42  5:15  Protoss Shields Level 1  
  43  5:22  Probe  
  43  5:26  Probe  
  45  5:29  Void Ray  
  45  5:34  Probe  
  46  5:38  Probe  
  46  5:39  Stargate  
  46  5:41  Stargate  
  51  5:43  Stargate  
  51  5:46  Probe  
  51  5:47  Photon Cannon  
  52  5:54  Pylon  
  52  5:58  Protoss Air Weapons Level 1 (Chrono Boost)  
  52  5:59  Pylon  
  52  6:04  Pylon  
  52  6:05  Probe  
  53  6:18  Photon Cannon, Probe  
  54  6:22  Photon Cannon  
  54  6:24  Void Ray x2  
  54  6:26  Photon Cannon  
  54  6:27  Void Ray  
  54  6:30  Probe  
  54  6:31  Photon Cannon  
  63  6:33  Void Ray  
  71  7:05  Nexus  
  71  7:07  Pylon  
  71  7:14  Pylon  
  71  7:18  Pylon  
  71  7:23  Probe  
  71  7:25  Probe  
  71  7:28  Photon Cannon  
  73  7:31  Shield Battery  
  73  7:34  Shield Battery  
  73  7:35  Probe  
  74  7:37  Shield Battery  
  74  7:38  Probe  
  74  7:40  Stalker  
  77  7:47  Probe  
  77  7:49  Photon Cannon  
  77  7:50  Probe  
  77  7:51  Photon Cannon  
  79  7:53  Photon Cannon  
  79  7:59  Probe  
  79  8:02  Probe  
  81  8:11  Probe  
  82  8:14  Probe  
  82  8:18  Probe  
  84  8:21  Assimilator  
  84  8:22  Void Ray  
  84  8:23  Void Ray x3  
  84  8:24  Assimilator  
  84  8:30  Probe  
  101  8:42  Probe  
  102  8:49  Protoss Air Armor Level 1  
  102  8:51  Probe  
  103  9:03  Probe  
  104  9:15  Probe  
  105  9:26  Fleet Beacon  
  105  9:27  Void Ray  
  105  9:28  Pylon, Void Ray x2  
  105  9:29  Void Ray  
  105  9:30  Nexus  
  105  9:31  Pylon  
  105  9:32  Pylon  
  105  9:33  Pylon  
  105  9:36  Stargate  
  105  9:37  Stargate  
  120  10:04  Void Ray  
  120  10:05  Void Ray x2  
  120  10:10  Flux Vanes  
Show
View Real Time Build Order
Export as new Build Order

Cthulhu Terran - Winner!

Build Orders:  

Get SALT Encoding   

  12  0:02  SCV  
  13  0:15  SCV  
  14  0:22  Supply Depot  
  14  0:27  SCV  
  15  0:38  Refinery  
  15  0:44  SCV  
  15  0:46  Barracks  
  16  0:56  SCV  
  17  1:08  Refinery  
  17  1:09  SCV  
  18  1:30  SCV  
  19  1:36  Supply Depot  
  19  1:43  Factory  
  19  1:50  Marine  
  19  1:51  Orbital Command  
  20  2:12  Supply Depot  
  20  2:19  Marine, SCV  
  22  2:28  Widow Mine  
  24  2:46  Starport  
  24  3:04  Widow Mine  
  26  3:22  Marine, SCV  
  26  3:25  Viking  
  26  3:26  Factory Reactor  
  30  3:42  Bunker  
  30  3:45  Supply Depot  
  30  3:46  Marine  
  30  3:47  SCV, Supply Depot  
  32  3:48  Supply Depot  
  30  4:13  Marine, SCV  
  30  4:15  Hellion x2  
  36  4:31  Marine  
  35  5:15  Marine, SCV  
  35  5:17  Viking x2  
  35  5:18  Factory Reactor  
  41  5:22  Armory  
  41  5:25  Starport  
  41  5:27  SCV  
  42  5:36  Command Center  
  42  6:00  Viking x2  
  46  6:13  Terran Ship Weapons Level 1  
  46  6:14  Starport  
  46  6:21  Factory Reactor  
  46  6:39  Bunker  
  46  6:41  Supply Depot  
  46  6:46  Marine, SCV  
  48  6:49  Viking x2  
  52  6:56  Orbital Command  
  52  7:07  SCV  
  53  7:24  SCV x2  
  55  7:36  Viking x3, SCV  
  62  7:37  Viking  
  62  7:39  Starport Reactor  
  62  7:43  Marine, SCV  
  66  8:07  Refinery x2, SCV x2  
  66  8:08  Viking x3  
  74  8:17  Viking  
  76  8:23  SCV  
  77  8:29  SCV, Terran Ship Weapons Level 2  
  77  8:35  SCV  
  77  8:36  Supply Depot  
  77  8:37  Supply Depot  
  78  8:42  Viking x2  
  78  8:43  Viking  
  84  9:05  Supply Depot  
  84  9:06  Supply Depot  
  84  9:09  Viking x2  
  88  9:12  Viking  
  90  9:28  Widow Mine x2  
  94  10:02  Widow Mine x2  
Show
View Real Time Build Order
Export as new Build Order

Faust Zerg - Winner!

Build Orders: Hatch First 

Get SALT Encoding   

  12  0:00  Drone  
  13  0:08  Drone  
  14  0:15  Extractor  
  14  0:16  Drone  
  14  0:22  Extractor, Drone  
  14  0:27  Overlord  
  16  0:46  Drone x2  
  18  0:57  Hatchery  
  17  1:11  Spawning Pool  
  16  1:13  Drone  
  17  1:34  Drone x2  
  19  1:42  Hatchery  
  18  1:51  Drone  
  18  1:52  Drone  
  20  1:57  Queen  
  22  2:09  Queen  
  22  2:10  Drone  
  22  2:13  Drone  
  26  2:16  Drone  
  26  2:19  Drone  
  28  2:24  Spine Crawler  
  27  2:31  Spine Crawler  
  26  2:37  Queen  
  28  2:48  Spine Crawler  
  28  2:49  Overlord  
  27  2:55  Queen  
  29  3:04  Queen  
  31  3:06  Drone  
  31  3:09  Drone  
  33  3:21  Drone x3  
  33  3:22  Drone x3  
  33  3:25  Drone  
  40  3:28  Drone  
  40  3:30  Drone  
  40  3:33  Extractor  
  41  3:35  Extractor  
  41  3:40  Zergling x4  
  42  3:56  Overlord x2  
  42  4:18  Overlord x2  
  42  4:19  Overlord  
  42  4:20  Drone x3  
  42  4:21  Drone x2  
  42  4:22  Drone  
  48  4:27  Extractor  
  48  4:28  Extractor  
  48  4:30  Drone x3  
  49  4:31  Drone x3  
  49  4:33  Zergling x4, Drone  
  49  4:34  Zergling x4  
  57  5:11  Drone x11  
  68  5:18  Lair  
  68  5:22  Roach Warren  
  68  5:23  Evolution Chamber  
  68  5:25  Drone x3, Evolution Chamber  
  68  5:26  Drone x2  
  70  5:39  Extractor, Drone x2  
  70  5:40  Extractor, Drone x3  
  70  5:41  Drone  
  74  5:55  Drone x2  
  76  6:09  Zerg Melee Weapons Level 1  
  76  6:11  Zerg Ground Armor Level 1  
  76  6:13  Metabolic Boost  
  76  6:17  Drone x2  
  76  6:18  Drone x2, Spire  
  79  6:24  Spore Crawler  
  79  6:25  Spore Crawler  
  77  6:26  Drone x4  
  77  6:27  Drone  
  77  6:28  Spore Crawler  
  77  6:29  Drone  
  77  6:30  Overlord x3  
  82  6:33  Overlord  
  82  6:35  Hatchery  
  81  6:49  Drone x3  
  81  6:50  Drone x3  
  81  6:51  Overlord x2  
  81  6:52  Overlord  
  87  7:11  Drone  
  87  7:12  Drone  
  87  7:14  Drone x3  
  92  7:16  Overlord x2  
  92  7:28  Infestation Pit  
  92  7:29  Mutalisk  
  91  7:30  Mutalisk x8  
  91  7:32  Mutalisk x2  
  91  7:33  Mutalisk  
  91  7:34  Mutalisk x2  
  91  7:36  Mutalisk  
  121  7:39  Zerg Flyer Weapons Level 1  
  121  7:41  Drone x2  
  123  8:04  Extractor  
  122  8:06  Mutalisk x2  
  122  8:07  Mutalisk x2  
  122  8:11  Mutalisk  
  132  8:14  Drone  
  132  8:15  Extractor, Drone x4  
  136  8:27  Zerg Melee Weapons Level 2  
  136  8:35  Hatchery  
  125  9:05  Mutalisk x5  
  125  9:06  Mutalisk  
  123  9:24  Mutalisk  
  123  9:25  Mutalisk x5  
  123  9:27  Mutalisk  
  135  9:33  Mutalisk  
  135  9:38  Zergling x10  
  140  9:39  Zergling x2  
  140  9:42  Hive  
  143  9:49  Drone  
  143  9:50  Queen, Drone x2  
  148  10:18  Corruptor x5  
  158  10:23  Overlord x3  
  158  10:24  Overlord x2  
  139  10:56  Mutalisk  
  139  10:57  Mutalisk x9  
  146  11:15  Mutalisk x3  
  146  11:17  Zergling x8  
  146  11:18  Zergling x2  
  155  11:31  Extractor x2  
  153  11:39  Zergling x2  
Show
View Real Time Build Order
Export as new Build Order

ksj Terran 

Build Orders: Mech 

Get SALT Encoding   

  12  0:00  SCV  
  13  0:24  SCV  
  14  0:36  SCV  
  14  0:38  Supply Depot  
  15  1:03  Barracks  
  15  1:06  Barracks  
  15  1:15  Refinery x2, SCV  
  16  1:27  SCV  
  17  1:38  Supply Depot  
  17  1:44  SCV  
  18  1:52  Reaper  
  19  1:57  Orbital Command  
  19  2:00  Reaper  
  20  2:20  Barracks  
  20  2:24  Reaper  
  20  3:22  Reaper x2  
  21  3:35  SCV  
  22  3:47  SCV  
  23  3:53  Supply Depot  
  23  3:56  Factory  
  22  4:21  Reaper x2  
  24  4:46  Factory Tech Lab, Factory  
  24  4:49  Command Center  
  24  4:54  Armory  
  24  5:10  SCV  
  24  5:13  Siege Tank  
  28  5:22  SCV  
  29  5:34  Armory  
  29  5:39  Factory Tech Lab  
  29  5:41  Command Center  
  29  5:45  Siege Tank  
  32  5:57  Supply Depot  
  32  6:02  Orbital Command  
  32  6:34  Supply Depot  
  32  6:44  Thor  
  38  6:56  Thor  
  38  7:00  Supply Depot  
  44  7:09  Barracks Tech Lab  
  44  7:19  Barracks Reactor, Supply Depot  
  44  7:23  SCV x2  
  46  7:42  SCV x2, Factory  
  46  7:43  Orbital Command  
  48  7:54  SCV x2  
  50  8:05  Terran Vehicle And Ship Armor Level 1  
  50  8:06  SCV, Terran Ship Weapons Level 1  
  51  8:18  SCV  
  51  8:19  Thor  
  58  8:29  Supply Depot  
  58  8:30  Factory Tech Lab  
  58  8:40  Refinery  
  58  8:42  Refinery  
  58  8:46  Thor, Engineering Bay  
  64  8:49  Refinery  
  64  8:51  Refinery  
  56  9:08  SCV x3  
  59  9:20  Thor, SCV x3  
  68  9:40  Factory  
  64  9:47  SCV  
  65  9:59  Thor, SCV  
  66  10:03  Factory  
  66  10:05  Marine  
  66  10:06  Marine x2  
  75  10:08  Stimpack  
  75  10:23  Marine  
  76  10:32  SCV x2  
  76  10:33  SCV  
  79  10:36  Thor  
  79  10:37  Factory Tech Lab  
  85  10:44  SCV  
  83  11:08  Thor  
  83  11:09  Thor  
  89  11:15  Factory Tech Lab  
  89  11:16  Missile Turret  
Show
View Real Time Build Order
Export as new Build Order

MagicPants Terran 

Build Orders: 1/1/1, Liberator Opening 

Get SALT Encoding   

  12  0:01  SCV  
  13  0:23  Refinery  
  13  0:26  Supply Depot  
  13  0:28  SCV  
  14  0:40  SCV  
  15  0:49  Barracks  
  15  0:57  SCV  
  16  1:09  SCV  
  17  1:14  Refinery  
  17  1:21  SCV  
  18  1:34  SCV  
  19  1:42  Factory  
  19  1:47  Orbital Command  
  19  1:59  Supply Depot  
  19  2:07  Marine  
  20  2:29  Starport  
  20  2:30  SCV  
  21  2:40  Marine  
  21  2:42  SCV  
  23  2:58  Marine  
  23  3:02  SCV  
  25  3:10  Liberator  
  28  3:14  SCV, Command Center  
  29  3:20  Supply Depot  
  29  3:36  Factory Tech Lab  
  29  3:43  Supply Depot  
  29  3:50  Command Center  
  29  3:56  Siege Tank  
  32  4:12  Engineering Bay  
  32  4:54  Siege Tank  
  35  5:02  Planetary Fortress  
  36  5:14  SCV x2  
  37  5:26  Refinery, SCV  
  37  5:27  SCV  
  39  5:30  Starport Tech Lab  
  39  5:33  Fusion Core  
  39  5:38  SCV  
  39  5:39  SCV  
  39  5:40  SCV  
  42  5:50  SCV  
  42  5:51  SCV  
  42  5:52  SCV  
  42  5:54  Starport  
  45  6:02  SCV  
  45  6:03  SCV  
  48  6:04  SCV  
  48  6:14  SCV  
  48  6:15  SCV  
  48  6:16  SCV  
  51  6:26  SCV  
  51  6:27  Refinery, SCV  
  51  6:28  SCV  
  51  6:30  Refinery  
  51  6:32  Battlecruiser  
  60  6:33  Starport Tech Lab  
  60  6:39  Armory  
  60  6:42  SCV x2, Starport  
  60  6:43  SCV  
  63  6:50  Refinery  
  63  6:54  SCV x2  
  63  6:55  SCV  
  66  7:04  Battlecruiser  
  66  7:06  SCV  
  66  7:07  SCV x2  
  75  7:27  Supply Depot, Armory  
  75  7:29  Orbital Command  
  75  7:40  SCV x2  
  77  7:49  Supply Depot, Battlecruiser  
  83  7:52  SCV x2, Starport Tech Lab  
  85  8:11  SCV x2  
  85  8:12  Supply Depot, Starport  
  87  8:13  Terran Ship Weapons Level 1  
  87  8:19  Battlecruiser  
  93  8:24  Command Center  
  92  8:35  Supply Depot  
  92  8:37  Battlecruiser  
  98  8:45  Weapon Refit  
  98  8:57  Supply Depot  
  98  9:09  Command Center  
  98  9:10  Battlecruiser  
  104  9:20  Supply Depot x2  
  104  9:25  Terran Vehicle And Ship Armor Level 1  
  104  9:28  Starport Tech Lab  
  104  9:43  Supply Depot  
  104  9:48  Missile Turret  
  104  9:49  Missile Turret  
  104  9:55  SCV x3  
  104  9:58  Battlecruiser  
  113  10:07  Supply Depot, SCV x3  
  114  10:10  Missile Turret  
  116  10:19  SCV x3  
  119  10:21  Planetary Fortress  
  119  10:29  Refinery, Supply Depot, Battlecruiser  
  119  10:31  SCV x2  
  127  10:38  Missile Turret  
  88  10:51  Supply Depot  
  88  10:58  Missile Turret  
  88  11:00  Missile Turret  
  88  11:02  Missile Turret x2  
  88  11:03  Missile Turret  
  88  11:04  Missile Turret  
  88  11:19  Missile Turret  
  88  11:22  Missile Turret x2  
  88  11:23  Missile Turret x2  
  100  11:42  Missile Turret  
  100  11:43  Missile Turret  
  100  11:44  Missile Turret  
Show
View Real Time Build Order
Export as new Build Order

MagicalJorts Zerg 

Build Orders: Pool First 

Get SALT Encoding   

  12  0:01  Drone  
  13  0:10  Drone  
  14  0:18  Extractor, Drone  
  15  0:30  Spawning Pool  
  14  0:37  Overlord  
  14  0:41  Extractor  
  13  0:43  Drone  
  14  0:55  Drone x2  
  16  0:59  Drone  
  18  1:11  Drone  
  18  1:17  Queen  
  20  1:21  Overlord  
  20  1:34  Drone  
  21  1:46  Metabolic Boost  
  21  1:59  Hatchery  
  21  2:00  Zergling x4  
  22  2:04  Zergling x2  
  23  2:14  Zergling x2  
  24  2:26  Overlord  
  24  2:28  Zergling x6  
  27  2:43  Zergling x2  
  28  2:55  Overlord  
  28  2:59  Zergling x6  
  31  3:10  Zergling x2  
  32  3:18  Zergling x2  
  32  3:19  Zergling x2  
  34  3:20  Queen  
  36  3:27  Zergling x4  
  39  3:34  Zergling x8  
  42  3:41  Zergling x2  
  42  3:46  Overlord  
  43  4:01  Drone x2  
  42  4:52  Drone  
  42  4:53  Drone x6  
  42  4:54  Drone x3  
  42  4:55  Lair  
  42  4:58  Extractor  
  50  5:17  Drone x4  
  54  5:22  Drone  
  54  5:26  Extractor, Overlord x2  
  54  5:28  Extractor  
  53  5:29  Drone x2  
  55  5:36  Drone x3  
  55  5:37  Drone  
  59  5:50  Drone x2  
  59  5:56  Drone  
  62  5:59  Spire  
  62  6:01  Hatchery  
  61  6:04  Drone x3  
  61  6:05  Drone  
  64  6:22  Drone  
  64  6:23  Drone  
  66  6:28  Overlord x2, Infestation Pit  
  66  6:29  Overlord x2  
  65  6:49  Drone  
  65  6:50  Drone x6  
  72  6:55  Drone  
  73  7:04  Hive  
  73  7:06  Drone x4  
  73  7:07  Drone  
  78  7:16  Queen  
  78  7:17  Drone  
  78  7:18  Corruptor x2  
  78  7:19  Corruptor  
  78  7:22  Corruptor  
  89  7:25  Corruptor  
  91  7:33  Corruptor x2  
  95  7:43  Extractor  
  94  7:45  Extractor  
  94  7:47  Corruptor x2  
  97  7:57  Drone x3  
  100  8:21  Corruptor x3  
  100  8:22  Corruptor x2  
  100  8:25  Greater Spire  
  110  8:31  Hatchery  
  90  8:41  Corruptor  
  90  8:42  Corruptor x4  
  98  8:52  Corruptor  
  98  8:53  Corruptor  
  90  9:34  Corruptor x4  
  90  9:35  Corruptor  
  100  9:43  Drone  
  100  9:44  Drone x8  
  100  9:45  Drone  
  110  9:53  Queen  
  112  10:00  Queen  
  112  10:03  Drone x2  
  116  10:07  Drone  
  116  10:08  Drone  
  118  10:17  Brood Lord  
  118  10:20  Overlord x2  
  118  10:21  Overlord  
  120  10:22  Overlord  
  100  10:51  Corruptor  
  100  10:52  Corruptor x2  
  68  11:21  Corruptor  
  68  11:22  Corruptor x8  
  68  11:24  Zergling x2  
  68  11:25  Zergling x14  
  88  11:26  Zergling x4  
Tags
 
Add a new tag
Caveats
  • Supply blocks, unpowered buildings, or Contaminate may cause inaccurate times.
  • Supply counts are checked every 10 seconds.